Map: Neon Violet Square LE

Players

Ferralis

  • Race: Zerg Zerg
  • League: Platinum
  • Spawn Location: 11:00

Kozzy - Winner!

  • Race: Protoss Protoss
  • League: Gold
  • Spawn Location: 5:00

VOD

Have the link to the VOD?

Description

Time

  • Played on: April 15, 2018, 11:11 a.m.
  • Length: 7:01
Show
View Real Time Build Order
Export as new Build Order

Ferralis Zerg 

Build Orders: Hatch First 

Get SALT Encoding   

  12  0:02  Drone  
  13  0:13  Overlord  
  13  0:19  Drone  
  14  0:31  Drone x2  
  14  0:35  Drone  
  17  0:46  Drone  
  18  1:01  Drone  
  19  1:05  Hatchery  
  18  1:16  Spawning Pool  
  18  1:17  Extractor  
  16  1:27  Drone x2  
  18  1:41  Drone x2  
  20  2:06  Queen  
  20  2:07  Hatchery  
  20  2:11  Overlord  
  20  2:18  Drone  
  21  2:28  Metabolic Boost  
  21  2:40  Queen  
  23  2:57  Drone  
  23  2:58  Drone x2  
  26  3:00  Spine Crawler  
  26  3:02  Spine Crawler  
  24  3:07  Spore Crawler  
  24  3:08  Drone  
  24  3:09  Drone  
  24  3:11  Drone  
  26  3:19  Drone x2  
  28  3:35  Drone  
  28  3:39  Drone x5  
  34  3:42  Zergling x4  
  34  3:47  Queen  
  38  3:57  Drone x3  
  41  4:06  Drone  
  41  4:07  Overlord  
  41  4:08  Overlord  
  42  4:16  Extractor  
  41  4:31  Drone x3  
  41  4:34  Spore Crawler  
  41  4:35  Spine Crawler  
  42  4:39  Drone x4  
  42  4:40  Drone x6  
  51  4:48  Zergling x2  
  52  4:57  Extractor  
  51  5:01  Zergling x12  
  51  5:06  Lair  
  57  5:10  Roach Warren  
  57  5:12  Evolution Chamber  
  55  5:17  Spine Crawler  
  54  5:24  Zergling x6  
  54  5:28  Overlord  
  46  5:52  Zergling x4  
  46  5:53  Zergling x24  
  46  5:56  Roach  
  60  6:02  Roach  
  60  6:03  Roach x2  
  63  6:13  Overlord x3  
Show
View Real Time Build Order
Export as new Build Order

Kozzy Protoss - Winner!

Build Orders:  

Get SALT Encoding   

  12  0:01  Probe  
  13  0:13  Probe  
  14  0:24  Pylon  
  14  0:25  Probe  
  15  0:31  Assimilator  
  15  0:42  Probe (Chrono Boost)  
  16  0:49  Gateway  
  16  0:54  Probe (Chrono Boost)  
  17  1:02  Probe (Chrono Boost)  
  18  1:08  Probe  
  19  1:20  Probe  
  20  1:29  Pylon  
  20  1:33  Probe  
  21  1:45  Probe  
  22  1:53  Forge  
  22  1:55  Cybernetics Core  
  22  2:17  Gateway  
  22  2:26  Protoss Ground Weapons Level 1 (Chrono Boost)  
  22  2:32  Warp Gate (Chrono Boost), Shield Battery  
  22  2:33  Zealot  
  24  2:38  Robotics Facility  
  24  2:43  Photon Cannon  
  24  2:51  Pylon  
  24  3:10  Gateway  
  24  3:15  Zealot  
  26  3:26  Immortal  
  30  3:36  Pylon  
  30  3:41  Pylon  
  30  3:55  Pylon  
  30  4:05  Immortal (Chrono Boost)  
  34  4:28  Stalker  
  34  4:30  Zealot x2  
  42  4:47  Immortal (Chrono Boost)  
  44  4:56  Zealot x2  
  44  4:57  Zealot  
  50  5:21  Immortal (Chrono Boost)  
  54  5:32  Zealot x2  
  54  5:33  Zealot  
  60  6:29  Immortal (Chrono Boost)  
Tags
 
Add a new tag
Caveats
  • Supply blocks, unpowered buildings, or Contaminate may cause inaccurate times.
  • Supply counts are checked every 10 seconds.